 Seeded DCSS version 0.29-a0-337-g68df138881 (webtiles) character file.

Game seed: 16492991950294814542 (custom seed)

3846 zeratav the Eye of the Storm (level 9, -8/84 HPs)
             Began as a Troll Monk on Apr 16, 2022.
             Was a Priest of Qazlal.
             Shot with a bolt by an orc (9 damage)
             ... in a bailey.
             The game lasted 00:15:49 (6439 turns).

zeratav the Eye of the Storm (Troll Monk)           Turns: 6439, Time: 00:15:49

Health: -8/84      AC:  5    Str: 25    XL:     9   Next: 98%
Magic:  10/16      EV: 10    Int:  6    God:    Qazlal [***...]
Gold:   333        SH:  4    Dex: 12    Spells: 8/8 levels left

rFire   . . .      SeeInvis .     - Unarmed
rCold   . . .      Faith    .   (no shield)
rNeg    . . .      Spirit   .   l - +0 robe
rPois   .          Reflect  .   (helmet restricted)
rElec   .          Harm     .   r - +0 cloak
rCorr   +          Rampage  .   (gloves unavailable)
Will    +....                   (boots unavailable)
Stlth   +.........              (no amulet)
HPRegen 1.04/turn               k - ring of willpower
MPRegen 0.15/turn               p - ring of resist corrosion

@: no status effects
A: large, unfitting armour, claws 3, regeneration 1, shaggy fur 1, tough skin 1
a: Renounce Religion, Upheaval, Elemental Force


You were in a bailey.
You worshipped Qazlal.
Qazlal was most pleased with you.
You visited 2 branches of the dungeon, and saw 9 of its levels.
You also visited: Sewer and Bailey.

You collected 333 gold pieces.


Innate Abilities, Weirdness & Mutations

You are too large for most types of armour.
You have claws for hands.
Your natural rate of healing is unusually fast.
You are covered in fur. (AC +1)
You have tough skin. (AC +1)


   Skills:
 + Level 3.7 Fighting
 + Level 2.5 Armour
 - Level 2.4 Dodging
 - Level 1.0 Stealth
 + Level 10.5 Unarmed Combat
 * Level 11.4 Invocations


You had 8 spell levels left.
You didn't know any spells.
Your spell library contained the following spells:

 Spells                   Type           Power      Damage    Failure   Level
 Sandblast                Erth           0%         2d4       45%         1
 Passwall                 Tmut/Erth      0%         N/A       58%         2
 Conjure Flame            Conj/Fire      0%         6-21      83%         3
 Ignite Poison            Fire/Tmut/Pois 0%         N/A       83%         3
 Ozocubu's Armour         Ice            0%         N/A       83%         3
 Stone Arrow              Conj/Erth      0%         3d7       83%         3
 Sticky Flame             Conj/Fire      0%         2d3       99%         4
 Metabolic Englaciation   Hex/Ice        0%         N/A       100%        5
 Simulacrum               Ice/Necr       0%         N/A       100%        6

Inventory:

Missiles
 E - 14 silver boomerangs (quivered) {throwing}
Armour
 l - a +0 robe (worn)
   (You took it off an orc wizard on level 3 of the Dungeon)
 r - a +0 cloak (worn)
   (You found it on level 4 of the Dungeon)
 y - a +0 robe
   (You took it off a wight on level 6 of the Dungeon)
 A - a +0 robe
   (You took it off an orc wizard on level 6 of the Dungeon)
Jewellery
 k - a ring of willpower (left claw)
   (You found it on level 3 of the Dungeon)
 p - a ring of resist corrosion (right claw)
   (You took it off an orc on level 3 of the Dungeon)
 v - a ring of positive energy
   (You found it on level 5 of the Dungeon)
 B - a ring of fire
   (You found it on level 7 of the Dungeon)
 D - a ring of ice
   (You took it off a centaur on level 7 of the Dungeon)
 F - a +6 ring of dexterity
   (You found it on level 8 of the Dungeon)
Wands
 g - a wand of iceblast (4)
   (You found it on level 2 of the Dungeon)
 o - a wand of mindburst (23)
   (You found it on level 3 of the Dungeon)
 q - a wand of flame (35)
   (You found it on level 4 of the Dungeon)
 x - a wand of polymorph (10)
   (You found it on level 6 of the Dungeon)
Scrolls
 c - 2 scrolls of brand weapon {unknown}
 d - 6 scrolls of identify {unknown}
 e - 3 scrolls of teleportation {unknown}
 f - a scroll of vulnerability {unknown}
 n - 2 scrolls of enchant weapon {unknown}
 u - a scroll of blinking {unknown}
 w - a scroll of noise {unknown}
 z - a scroll of magic mapping {unknown}
 C - a scroll of fog {unknown}
Potions
 a - 4 potions of curing {@q1}
 b - a potion of ambrosia
 h - 3 potions of magic {unknown}
 i - a potion of haste {unknown}
 j - 2 potions of berserk rage {unknown}
 m - 5 potions of flight
 s - 2 potions of degeneration {unknown}
 t - 3 potions of heal wounds {@q2}

Dungeon Overview and Level Annotations

Branches:
Dungeon (8/15)             Temple (1/1) D:4           Sewer (visited)
 Bailey (1/1)
   Lair: D:8-11

Altars:
Cheibriados
Dithmenos
Hepliaklqana
Kikubaaqudgha
Makhleb
Nemelex Xobeh
Okawaru
Qazlal
Sif Muna
Trog
Uskayaw
Vehumet
Wu Jian
Xom
Yredelemnul
Zin
The Shining One

Shops:
D:5

* ≈......###.....
...≈##.∩#≈...............≈#o
...≈#..oo.............≈[...o
...≈##o##≈............)≈.≈##
...≈≈###≈≈....§.......≈..≈≈#
....≈≈≈≈≈........°....o...≈≈
.............o.o)...........
...............)@.○.o.......
...............○.°..........
............................
############################


You could see 2 orc warriors and 2 orcs.


Message History

The orc warrior hits you. The orc warrior barely misses you.
HP[-3]
You take 3 damage, and now have 76/83 hp.
You completely miss the orc warrior. Your claw misses the orc warrior.
The orc warrior shoots a bolt.
The bolt hits you!
The orc shoots a bolt.
The bolt closely misses you.
The orc warrior unwields a +0 arbalest.
The orc warrior hits you.
The orc warrior hits you but does no damage. x2
HP[-10]
You take 10 damage, and now have 66/83 hp.
You mangle the orc warrior!!
You kill the orc warrior!
Qazlal accepts your kill.
The orc shoots a bolt.
The bolt hits you.
The orc warrior shoots a bolt.
The bolt barely misses you.
The orc shoots a bolt.
The bolt hits you but does no damage. The orc warrior closely misses you.
The orc warrior hits you!
You are too injured to fight recklessly!
HP[-9]
You now have 84 max hp (+1).
You take 9 damage, and now have 57/84 hp.
You are too injured to fight recklessly!
You are too injured to fight recklessly!
You are too injured to fight recklessly!
You mangle the orc warrior!!
The orc shoots a bolt.
The bolt misses you.
The orc warrior shoots a bolt.
The bolt barely misses you.
The orc shoots a bolt.
You block the bolt.
The orc shoots a bolt.
The bolt barely misses you.
The orc shoots a bolt.
The bolt closely misses you.
HP[+1]
You closely miss the orc warrior. The orc warrior misses you. x2
HP[+1]
You scratch the orc warrior. Your claw misses the orc warrior.
The orc shoots a bolt.
The bolt closely misses you.
The orc warrior shoots a bolt.
The bolt closely misses you.
The orc shoots a bolt.
The bolt barely misses you.
The orc shoots a bolt.
The bolt barely misses you. You block the orc warrior's attack.
The orc warrior closely misses you.
You closely miss the orc warrior.
The orc shoots a bolt.
The bolt hits you!
An orc comes into view. It is wielding a +0 arbalest.
The orc warrior shoots a bolt.
You block the bolt.
The orc shoots a bolt.
You block the bolt.
The orc shoots a bolt.
The bolt misses you.
The orc shoots a bolt.
The bolt misses you. The orc warrior hits you!
* * * LOW HITPOINT WARNING * * *
The orc warrior hits you.
* * * LOW HITPOINT WARNING * * *
HP[-23]
You take 23 damage, and now have 36/84 hp.
MASSIVE DAMAGE!! (PAUSE)
You barely miss the orc warrior.
The orc shoots a bolt.
The bolt hits you but does no damage.
The orc warrior shoots a bolt.
The bolt hits you!
* * * LOW HITPOINT WARNING * * *
The orc shoots a bolt.
The bolt barely misses you.
The orc shoots a bolt.
The bolt closely misses you. The orc warrior closely misses you.
The orc warrior hits you!
* * * LOW HITPOINT WARNING * * *
HP[-20]
You take 20 damage, and now have 16/84 hp.
MASSIVE DAMAGE!! (PAUSE)
Aiming: Upheaval
Press: ? - help, Dir - move target, f - orc
Aim: an orc, wielding a +0 arbalest and wearing a +0 scale mail Magma suddenly erupts from the ground!
The blast of magma engulfs the orc!
You kill the orc!
Qazlal accepts your kill.
The blast of magma engulfs the orc!
You kill the orc!
Qazlal accepts your kill.
The blast of magma engulfs the orc!!!
You kill the orc!
Qazlal accepts your kill.
The blast of magma engulfs the orc warrior!
The orc warrior shoots a bolt.
The bolt hits you.
* * * LOW HITPOINT WARNING * * *
The orc shoots a bolt.
The bolt barely misses you. You block the orc warrior's attack.
The orc warrior closely misses you.
HP[-2] MP[-3]
You take 2 damage, and now have 14/84 hp.
You lost 3 mp, and now have 13/16 mp.
Aiming: Upheaval
Press: ? - help, Dir - move target A storm cloud blasts the area with cutting wind!
The cutting wind hits the orc warrior!!
You kill the orc warrior!
Qazlal accepts your kill.
The storm surrounding you is now too weak to repel missiles.
You will no longer adapt resistances upon receiving elemental damage.
The orc warrior shoots a bolt.
The bolt misses you.
The orc shoots a bolt.
The bolt hits you!
* * * LOW HITPOINT WARNING * * *
The orc shoots a bolt.
You block the bolt. The orc warrior completely misses you.
HP[-8] MP[-3]
You take 8 damage, and now have 6/84 hp.
You lost 3 mp, and now have 10/16 mp.
You claw the orc warrior!
The orc shoots a bolt.
The bolt hits you.
* * * LOW HITPOINT WARNING * * *
The orc shoots a bolt.
The bolt hits you!
You die...

Skill      XL: |  1  2  3  4  5  6  7  8  9 |
---------------+----------------------------+-----
Unarmed Combat | 4 5 6 7 8 9 10 | 10.5
Invocations    | 4 7 9 11 | 11.4
Armour         | 2 |  2.5
Fighting       | 3 |  3.7
Dodging        | |  2.4
Stealth        | |  1.0

Action                   |  1- 3 |  4- 6 |  7- 9 || total
-------------------------+-------+-------+-------++-------
Melee: Unarmed           |    73 |   100 |   310 ||   483
       Punch             |     1 |     2 |    13 ||    16
Invok: Upheaval          |       |       |     3 ||     3
 Stab: Sleeping          |     3 |     2 |       ||     5
Armor: Robe              |    22 |    27 |    68 ||   117
Dodge: Dodged            |    41 |    64 |   163 ||   268
Block: Other             |       |     7 |    52 ||    59

Levels and vault maps discovered:
D:1:      dpeg_arrival_connections, layout_rooms
D:2:      layout_basic, minmay_shallow_snake_nest
D:3:      minmay_diamond_boxcup, layout_loops_ring, uniq_natasha
D:4:      layout_cave_pools, minmay_temple_entry_slanted, uniq_grinder
D:5:      layout_basic, lemuel_doored_altar, makhleb_heckhound_becter,
          cheibrodos_sewer_entry_sluice, minmay_shop_mayhem,
          lemuel_another_geyser
D:6:      layout_gridville, lemuel_mausoleum_altar_kikubaaqudgha,
          serial_bayou_pond_c
D:7:      layout_basic
D:8:      layout_loops_cross, nicolae_overflow_hidden_temple,
          ashenzari_conservatory_becter, enter_bailey_3,
          minmay_unpleasant_kobolds
Temple:   eino_temple_lava
Bailey:   bailey_polearm_2, bailey

Notes
Turn   | Place    | Note
-------+----------+-------------------------------------------
     0 | D:1      | zeratav the Troll Monk began the quest for the Orb.
     0 | D:1      | Reached XP level 1. HP: 22/22 MP: 0/0
     0 | D:1      | magus.rc [v1.9.6]
   130 | D:1      | Reached XP level 2. HP: 29/29 MP: 1/1
   218 | D:1      | You add the spells Conjure Flame, Ignite Poison and Sticky
                  | Flame to your library.
   573 | D:2      | Reached skill level 4 in Unarmed Combat
   670 | D:2      | Reached XP level 3. HP: 36/36 MP: 2/2
  1567 | D:3      | Reached skill level 5 in Unarmed Combat
  1567 | D:3      | Reached XP level 4. HP: 44/44 MP: 3/3
  1613 | D:3      | Reached XP level 5. HP: 50/50 MP: 4/4
  1773 | D:3      | Reached skill level 6 in Unarmed Combat
  1773 | D:3      | Reached skill level 1 in Invocations
  1950 | D:3      | Noticed Natasha
  1963 | D:3      | Killed Natasha
  2059 | D:3      | Reached skill level 2 in Invocations
  2281 | D:4      | Found a staircase to the Ecumenical Temple.
  2289 | Temple   | Entered the Ecumenical Temple
  2366 | Temple   | Became a worshipper of Qazlal Stormbringer
  2366 | Temple   | Reached * piety under Qazlal
  2366 | Temple   | Reached ** piety under Qazlal
  2591 | D:4      | Noticed Grinder
  2599 | D:4      | Paralysed by Grinder for 5 turns
  2600 | D:4      | Killed Grinder
  2601 | D:4      | Reached skill level 4 in Invocations
  2601 | D:4      | Reached XP level 6. HP: 42/59 MP: 5/8
  2810 | D:5      | Entered Level 5 of the Dungeon
  2872 | D:5      | Reached skill level 7 in Unarmed Combat
  2872 | D:5      | Reached XP level 7. HP: 42/66 MP: 9/9
  2944 | D:5      | Reached skill level 5 in Invocations
  3005 | D:5      | Found a glowing drain.
  3022 | Sewer    | Entered a sewer
  3139 | Sewer    | Found a white marble altar of Elyvilon.
  3187 | D:5      | Found a burning altar of Makhleb.
  3192 | D:5      | Reached skill level 6 in Invocations
  3209 | D:5      | Found Acysih's Mayhem Merchandise.
  3378 | D:5      | Found an ornate altar of the Wu Jian Council.
  3511 | D:5      | You pick up a book of Winter and begin reading...
  3511 | D:5      | You add the spells Ozocubu's Armour, Metabolic Englaciation
                  | and Simulacrum to your library.
  3542 | D:5      | Reached skill level 8 in Unarmed Combat
  3879 | D:5      | Reached skill level 7 in Invocations
  3879 | D:5      | Reached XP level 8. HP: 53/74 MP: 12/12
  4276 | D:6      | Found an ancient bone altar of Kikubaaqudgha.
  4310 | D:6      | Reached skill level 8 in Invocations
  4373 | D:6      | Reached skill level 9 in Unarmed Combat
  4376 | D:6      | Reached *** piety under Qazlal
  4670 | D:6      | You pick up a book of Geomancy and begin reading...
  4670 | D:6      | You add the spells Sandblast, Passwall and Stone Arrow to
                  | your library.
  5182 | D:7      | Reached skill level 9 in Invocations
  5438 | D:7      | Reached XP level 9. HP: 80/80 MP: 15/15
  5530 | D:7      | Reached skill level 10 in Invocations
  5619 | D:7      | Reached skill level 10 in Unarmed Combat
  5670 | D:7      | Reached skill level 1 in Armour
  5830 | D:7      | Reached skill level 3 in Fighting
  6140 | D:8      | Identified the +0 ring mail of Afihaz {+Blink rN+ Int+4
                  | Stlth+}
  6195 | D:8      | Reached skill level 11 in Invocations
  6207 | D:8      | Reached skill level 2 in Armour
  6207 | D:8      | HP: 11/83 [yak (12)]
  6208 | D:8      | HP: 5/83 [yak (7)]
  6209 | D:8      | Reached **** piety under Qazlal
  6385 | D:8      | Found a flagged portal.
  6400 | Bailey   | Entered a bailey
  6436 | Bailey   | HP: 16/84 [orc warrior (10)]
  6438 | Bailey   | HP: 6/84 [orc/bolt (9)]
  6439 | Bailey   | HP: 1/84 [orc/bolt (6)]
  6439 | Bailey   | Shot with a bolt by an orc

Vanquished Creatures
  Grinder (D:4)
  2 wyverns (D:7)
  4 yaks (D:8)
  A water moccasin (D:5)
  3 orc warriors
  An ogre (D:5)
  An ice beast (D:5)
  A sky beast (D:7)
  A centaur (D:7)
  A phantom (D:7)
  5 kobold brigands
  2 bullfrogs (D:7)
  A gnoll sergeant (D:5)
  A wyvern zombie (D:6)
  4 necrophages
  A wight (D:6)
  8 killer bees (D:7)
  A howler monkey (D:7)
  A centaur zombie (D:6)
  2 bullfrog zombies (D:6)
  A human zombie (D:6)
  3 hounds
  2 jellies
  2 iguanas (D:3)
  Natasha (D:3)
  3 orc wizards
  4 mummies (D:6)
  8 gnolls
  5 adders
  A river rat (Sewer)
  A shadow imp (D:5)
  An ufetubus (D:6)
  3 worms
  3 dart slugs
  19 orcs
  9 ball pythons
  2 endoplasms (D:1)
  A giant cockroach (D:4)
  10 goblins
  12 hobgoblins
  10 jackals
  3 quokkas
  6 bats
  5 frilled lizards
  15 kobolds
  7 rats
179 creatures vanquished.

Vanquished Creatures (others)
  A fungus (D:2)
  A plant (D:6)
2 creatures vanquished.

Grand Total: 181 creatures vanquished

Table legend:
 A = Non-vault XP
 B = Vault XP
 C = Vault XP percentage of total XP
 D = Non-vault monster count
 E = Vault monster count
 F = Vault count percentage of total count
                 A         B        C        D         E       F
            +---------+---------+-------+---------+---------+-------
      Total |    3919 |    1576 |  28.7 |     122 |      57 |  31.8
            +---------+---------+-------+---------+---------+-------
        D:1 |      23 |       0 |   0.0 |      14 |       0 |   0.0
        D:2 |      44 |      19 |  30.2 |      18 |       4 |  18.2
        D:3 |     186 |      68 |  26.8 |      17 |      11 |  39.3
        D:4 |      38 |     254 |  87.0 |      10 |       1 |   9.1
        D:5 |     644 |      50 |   7.2 |      17 |       4 |  19.0
        D:6 |     243 |     580 |  70.5 |      13 |      12 |  48.0
        D:7 |    1805 |       0 |   0.0 |      25 |       0 |   0.0
        D:8 |     936 |     115 |  10.9 |       8 |      10 |  55.6
      Sewer |       0 |     215 | 100.0 |       0 |      10 | 100.0
     Bailey |       0 |     275 | 100.0 |       0 |       5 | 100.0
            +---------+---------+-------+---------+---------+-------

Illustrated notes

Table legend:
 A = Kills in this place as a percentage of kills in entire the game.
 B = Kills by you in this place as a percentage of kills by you in the entire game.
 C = Kills by friends in this place as a percentage of kills by friends in the entire game.
 D = Other kills in this place as a percentage of other kills in the entire game.
 E = Experience gained in this place as a percentage of experience gained in the entire game.
 F = Experience gained in this place divided by the number of levels of this place that you have seen.
                   A       B       C       D       E      F
               +-------+-------+-------+-------+-------+----------------------
         Total | 100.0 | 100.0 |   N/A |   N/A | 100.0 | 499.5
       Dungeon |  91.6 |  91.6 |   N/A |   N/A |  91.1 | 625.6
         Sewer |   5.6 |   5.6 |   N/A |   N/A |   3.9 | 215.0
        Bailey |   2.8 |   2.8 |   N/A |   N/A |   5.0 | 275.0
               +-------+-------+-------+-------+-------+----------------------

Table legend: (Time is in decaauts)
 A = Elapsed time spent in this place.
 B = Non-inter-level travel time spent in this place.
 C = Inter-level travel time spent in this place.
 D = Time resting spent in this place.
 E = Time spent auto-exploring this place.
 F = Levels seen in this place.
 G = Mean time per level.
                   A        B        C        D        E       F      G
               +--------+--------+--------+--------+--------+-----+--------+
         Total |   6399 |   6049 |    350 |     66 |   4936 |  11 |  581.7 |
       Dungeon |   6099 |   5773 |    326 |     66 |   4761 |   8 |  762.4 |
        Temple |     85 |     61 |     24 |      0 |     49 |   1 |   85.0 |
         Sewer |    177 |    177 |      0 |      0 |    126 |   1 |  177.0 |
        Bailey |     37 |     37 |      0 |      0 |      0 |   1 |   37.0 |
               +--------+--------+--------+--------+--------+-----+--------+

Top non-repeatable levels by time:
     D:5: 1100 daAuts
     D:6: 1027 daAuts
     D:7: 969 daAuts
     D:3: 881 daAuts
     D:2: 825 daAuts
     D:1: 522 daAuts
     D:4: 519 daAuts
     D:8: 253 daAuts
   Sewer: 177 daAuts
  Temple: 85 daAuts
  Bailey: 37 daAuts
